Map: Disco Bloodbath LE

Players

PtitDrogo

  • Race: Protoss Protoss
  • League: Grandmaster
  • Spawn Location: 9:00

Serral - Winner!

  • Race: Zerg Zerg
  • League: Master
  • Spawn Location: 3:00

Event: NationWars 2019

VOD

Have the link to the VOD?

Description

Time

  • Played on: Nov. 14, 2019, 4:36 p.m.
  • Length: 13:42

All games in this series

Show
View Real Time Build Order
Export as new Build Order

PtitDrogo Protoss 

Build Orders: 1 Gate Expand, Archon Immortal 

Get SALT Encoding   

  12  0:00  Probe  
  13  0:13  Probe  
  14  0:20  Pylon  
  14  0:25  Probe  
  15  0:29  Assimilator  
  15  0:38  Probe (Chrono Boost)  
  16  0:44  Gateway  
  16  0:47  Probe (Chrono Boost)  
  17  0:53  Probe (Chrono Boost)  
  18  1:05  Probe  
  19  1:17  Probe  
  20  1:22  Nexus  
  20  1:32  Cybernetics Core  
  20  1:35  Probe  
  20  1:39  Assimilator  
  21  1:47  Probe  
  21  1:49  Pylon  
  22  1:59  Probe  
  23  2:05  Adept (Chrono Boost)  
  23  2:11  Probe  
  23  2:13  Robotics Facility  
  26  2:17  Warp Gate  
  26  2:24  Probe (Chrono Boost)  
  26  2:28  Stalker  
  29  2:35  Probe (Chrono Boost)  
  29  2:36  Probe (Chrono Boost)  
  33  2:44  Probe x2 (Chrono Boost)  
  33  2:50  Probe x2  
  35  2:58  Immortal (Chrono Boost)  
  35  3:02  Probe  
  41  3:09  Gateway  
  40  3:16  Gateway  
  40  3:17  Gateway  
  40  3:20  Sentry  
  42  3:27  Warp Prism (Chrono Boost)  
  42  3:31  Probe  
  45  3:38  Pylon  
  45  3:48  Gateway  
  45  3:52  Gateway  
  45  3:53  Gateway  
  45  4:04  Pylon  
  45  4:13  Stalker x2, Zealot x2  
  53  4:17  Pylon  
  53  4:41  Zealot x4  
  53  4:43  Zealot  
  63  4:46  Pylon  
  63  4:57  Stalker x2  
  61  5:06  Zealot x5  
  49  5:24  Stalker x2  
  51  5:28  Zealot x5  
  59  5:49  Stalker x2, Zealot  
  65  5:50  Zealot x3  
  65  5:51  Zealot  
  63  6:10  Immortal (Chrono Boost)  
  65  6:14  Probe x2  
  61  6:26  Probe  
  61  6:27  Probe  
  61  6:28  Forge, Twilight Council  
  61  6:30  Assimilator  
  63  6:34  Assimilator  
  63  6:39  Probe  
  62  6:40  Immortal (Chrono Boost)  
  62  6:41  Probe  
  67  6:51  Probe  
  67  6:53  Probe  
  69  7:03  Probe  
  69  7:05  Charge, Probe  
  69  7:06  Zealot x2  
  75  7:09  Pylon  
  75  7:15  Probe  
  76  7:17  Probe  
  77  7:23  Protoss Ground Weapons Level 1 (Chrono Boost), Nexus  
  77  7:27  Probe  
  77  7:29  Probe  
  77  7:38  Sentry  
  77  7:39  Sentry  
  77  7:42  Probe  
  82  7:44  Probe  
  83  7:54  Probe  
  83  7:56  Probe  
  85  7:58  Pylon  
  85  8:02  Zealot x2  
  83  8:07  Probe  
  83  8:08  Stalker  
  86  8:14  Probe  
  86  8:19  Probe  
  84  8:21  Zealot x3  
  84  8:22  Zealot  
  84  8:25  Immortal  
  84  8:26  Probe  
  93  8:27  Pylon  
  93  8:31  Probe  
  94  8:35  Templar Archives, Probe  
  94  8:38  Probe  
  100  8:43  Probe  
  100  8:47  Pylon  
  100  8:48  Probe, Assimilator  
  102  8:50  Assimilator  
  102  8:51  Probe  
  102  8:55  Probe  
  104  9:00  Probe  
  105  9:05  Probe  
  105  9:10  Probe  
  105  9:12  Stargate, Probe  
  105  9:14  Stargate  
  105  9:16  Shield Battery  
  102  9:17  Probe  
  102  9:18  Shield Battery  
  102  9:20  High Templar  
  102  9:21  High Templar, Photon Cannon  
  102  9:22  High Templar x2  
  111  9:26  Archon x2  
  111  9:28  Stalker x2  
  104  9:46  Probe (Chrono Boost)  
  104  9:51  Probe (Chrono Boost)  
  103  9:54  Probe (Chrono Boost)  
  103  9:56  Phoenix (Chrono Boost)  
  103  9:59  Protoss Ground Weapons Level 2 (Chrono Boost)  
  107  10:03  Probe x2 (Chrono Boost), Photon Cannon  
  107  10:04  Psionic Storm, Phoenix (Chrono Boost)  
  107  10:07  Probe (Chrono Boost)  
  109  10:08  Probe (Chrono Boost)  
  109  10:10  Probe (Chrono Boost)  
  111  10:15  Probe  
  111  10:18  Probe  
  111  10:19  Phoenix  
  113  10:21  Probe  
  113  10:24  Phoenix  
  113  10:27  Probe  
  116  10:30  High Templar  
  116  10:35  High Templar, Shield Battery  
  116  10:37  Photon Cannon  
  116  10:38  Pylon  
  118  10:53  High Templar  
  118  10:55  Nexus  
  120  10:57  Pylon  
  124  11:07  High Templar  
  124  11:10  Zealot x4  
  132  11:14  Pylon  
  132  11:16  Pylon  
  130  11:25  Probe, High Templar  
  131  11:29  Pylon, High Templar  
  131  11:30  Pylon  
  131  11:35  Probe, Archon  
  131  11:36  Pylon  
  131  11:38  Probe  
  131  11:39  Probe  
  134  11:40  Fleet Beacon  
  134  11:48  Probe  
  135  11:55  High Templar x2, Zealot  
  135  11:56  Zealot x2  
  135  11:58  Photon Cannon  
  135  12:00  Archon  
  145  12:02  Probe, Assimilator  
  145  12:06  Assimilator  
  144  12:10  High Templar x2  
  144  12:11  Probe  
  144  12:15  Probe x2  
  151  12:16  Photon Cannon  
  151  12:18  Photon Cannon  
  151  12:21  Zealot x2  
  147  12:27  Zealot x2  
  135  12:33  Tempest (Chrono Boost), Zealot  
  128  12:38  Tempest (Chrono Boost)  
  131  12:51  High Templar x2  
  131  12:52  Zealot x3  
  137  13:04  Photon Cannon  
  133  13:07  High Templar x2  
  137  13:17  High Templar x2  
  141  13:20  Archon  
  105  13:27  Zealot x3  
  105  13:28  Probe  
  80  13:35  Archon  
Show
View Real Time Build Order
Export as new Build Order

Serral Zerg - Winner!

Build Orders: Hatch First 

Get SALT Encoding   

  12  0:00  Drone  
  13  0:12  Overlord  
  13  0:16  Drone  
  14  0:31  Drone x2  
  16  0:48  Hatchery  
  15  0:51  Drone  
  15  0:55  Drone  
  17  0:58  Drone  
  18  1:09  Extractor  
  17  1:13  Spawning Pool  
  17  1:15  Drone  
  17  1:20  Drone  
  18  1:27  Drone  
  19  1:38  Drone  
  20  1:48  Overlord  
  20  1:59  Queen x2  
  20  2:00  Zergling x4  
  26  2:11  Drone x2, Metabolic Boost  
  28  2:21  Drone x2  
  30  2:34  Hatchery  
  30  2:35  Drone  
  30  2:42  Queen  
  32  2:46  Overlord  
  32  2:52  Drone x2  
  32  2:55  Drone  
  32  2:56  Drone  
  36  3:06  Drone  
  36  3:07  Drone  
  36  3:08  Drone x2  
  36  3:10  Overlord  
  40  3:15  Drone x2  
  40  3:19  Queen  
  42  3:23  Pneumatized Carapace  
  44  3:30  Drone  
  45  3:34  Roach Warren  
  45  3:37  Drone x2  
  47  3:41  Drone x3  
  49  3:48  Queen  
  49  3:50  Overlord  
  49  3:52  Extractor  
  49  3:54  Zergling x4, Extractor  
  51  3:58  Overlord  
  51  4:03  Overlord  
  51  4:15  Roach x5  
  61  4:23  Roach x2  
  65  4:29  Roach x2  
  69  4:35  Overlord  
  69  4:36  Overlord  
  69  4:41  Zergling x8, Ravager  
  74  4:46  Ravager  
  74  4:49  Zergling x2  
  74  4:50  Zergling x4  
  78  4:58  Roach  
  73  5:01  Roach  
  67  5:07  Roach  
  67  5:11  Roach  
  63  5:15  Roach  
  63  5:19  Queen  
  63  5:20  Queen  
  63  5:21  Queen  
  65  5:24  Zergling x4  
  65  5:25  Zergling x2  
  70  5:34  Ravager x2  
  72  5:37  Ravager  
  72  5:38  Roach x3  
  79  5:46  Zergling x8  
  84  6:00  Roach x3  
  88  6:20  Lair  
  88  6:22  Overlord  
  86  6:26  Hatchery  
  86  6:27  Overlord x2  
  85  6:41  Drone x7  
  92  6:51  Overlord  
  92  6:52  Drone x2  
  93  6:56  Extractor  
  93  6:59  Evolution Chamber  
  91  7:07  Drone x2  
  91  7:08  Drone x5  
  98  7:21  Overlord  
  98  7:28  Zerg Missile Weapons Level 1  
  98  7:29  Spire  
  97  7:39  Drone x4  
  97  7:40  Glial Reconstitution  
  97  7:41  Overlord  
  100  7:50  Drone x3  
  103  8:08  Drone x2  
  103  8:09  Extractor x2  
  103  8:10  Overlord  
  103  8:16  Drone x2  
  103  8:17  Overlord  
  102  8:20  Overseer  
  103  8:27  Drone x3  
  104  8:35  Overlord  
  104  8:36  Overlord  
  104  8:41  Mutalisk x10  
  124  8:49  Hatchery  
  123  9:05  Roach x9  
  141  9:15  Drone  
  142  9:17  Baneling Nest  
  142  9:23  Zerg Melee Weapons Level 1  
  142  9:24  Overlord  
  141  9:25  Overseer  
  141  9:27  Roach x4  
  141  9:30  Drone x2  
  141  9:31  Drone  
  152  9:33  Drone  
  152  9:36  Drone  
  154  9:40  Drone x2  
  156  9:49  Drone x2  
  158  9:58  Drone  
  158  9:59  Drone x3  
  162  10:01  Infestation Pit  
  162  10:06  Overlord x3  
  161  10:07  Centrifical Hooks  
  161  10:08  Zergling x14  
  161  10:09  Overseer  
  168  10:18  Overlord  
  168  10:29  Overseer, Drone x5, Hydralisk Den  
  168  10:32  Drone  
  168  10:35  Drone, Evolution Chamber  
  173  10:36  Spore Crawler, Drone  
  173  10:37  Spore Crawler  
  173  10:39  Hive, Spore Crawler  
  173  10:41  Hatchery  
  170  10:50  Spore Crawler  
  170  10:53  Drone  
  170  10:54  Drone x5  
  170  10:57  Drone x4, Extractor  
  174  10:58  Muscular Augments  
  174  11:02  Zerg Missile Weapons Level 2  
  177  11:15  Zergling x18  
  185  11:19  Spore Crawler  
  185  11:20  Zerg Melee Weapons Level 2  
  185  11:21  Drone  
  185  11:23  Hatchery  
  185  11:25  Baneling x6  
  184  11:30  Hydralisk x4  
  192  11:35  Hydralisk x3  
  198  11:46  Baneling x17  
  198  11:54  Greater Spire  
  198  11:58  Baneling x6  
  198  12:06  Overlord  
  198  12:10  Grooved Spines  
  190  12:27  Hydralisk x7  
  191  12:33  Zergling x10  
  191  12:34  Zergling x8  
  192  12:39  Queen  
  186  12:46  Zergling x26  
  181  13:01  Baneling x16  
  181  13:03  Zergling x30  
  196  13:06  Zergling x6  
  196  13:07  Hatchery  
  196  13:12  Drone, Extractor  
  198  13:13  Drone  
  194  13:20  Zergling x14  
  194  13:22  Zergling x14  
Tags
 
Add a new tag
Caveats
  • Supply blocks, unpowered buildings, or Contaminate may cause inaccurate times.
  • Supply counts are checked every 10 seconds.